 Dungeon Crawl Stone Soup version 0.31-a0-1522-g43313d8a59 (webtiles) character file.

Game seed: 11014341339317844064

14 AstroCodex24 the Covered (level 2, 0/25 HPs)
             Began as a Demigod Fighter on Dec 31, 2023.
             Slain by a ribbon worm (5 damage)
             ... on level 4 of the Dungeon.
             The game lasted 00:00:51 (221 turns).

AstroCodex24 the Covered (Demigod Fighter)           Turns: 221, Time: 00:00:52

Health: 0/25       AC:  6    Str: 17    XL:     2   Next: 18%
Magic:  4/4        EV:  9    Int: 10    God:
Gold:   0          SH:  4    Dex: 13    Spells: 1/1 levels left

rFire   . . .        a - +0 war axe
rCold   . . .        c - +0 buckler
rNeg    . . .        b - +0 scale mail
rPois   .            (no helmet)
rElec   .            (no cloak)
rCorr   .            (no gloves)
SInv    .            (no boots)
Will    .....        (no amulet) Stlth
                     (no ring)
HPRegen 0.24/turn    (no ring)
MPRegen 0.09/turn

%: no passive effects
@: no status effects
A: high MP 1, forlorn, divine attributes
a: no special abilities


You were on level 4 of the Dungeon.
You visited 1 branch of the dungeon, and saw 4 of its levels.

Inventory:

Hand Weapons
 a - a +0 war axe (weapon)
Armour
 b - a +0 scale mail (worn)
 c - a +0 buckler (worn)
Potions
 d - a potion of might


   Skills:
 + Level 2.8 Fighting
 + Level 2.2 Axes
 + Level 2.8 Armour
 + Level 2.8 Shields


You had one spell level left.
You didn't know any spells.
Your spell library was empty.

Dungeon Overview and Level Annotations

Branches:
Dungeon (4/15)
 Temple: D:4-7


Innate Abilities, Weirdness & Mutations

You have an increased reservoir of magic. (+10% MP)
You shall have no god before yourself.
Your divine heritage dramatically boosts your attributes as you level up.


Message History

The ball python constricts you.
The ball python bites you but does no damage.
The ball python constricts you.
You hit the ball python.
The ball python is severely wounded.
The ball python bites you but does no damage.
The ball python constricts you.
The ball python bites you but does no damage.
The ball python constricts you.
You closely miss the ball python.
The ball python is severely wounded.
You block the ball python's attack. The ball python constricts you.
You slash the ball python!
You kill the ball python!
Found a stone staircase leading down.
Found 6 stones.
There is a stone staircase leading down here.
You climb downwards.
The iguana hisses angrily.
Found 3 stones and a scroll labelled QOJOEKI EWUU.
There is a stone staircase leading up here.
You barely miss the ribbon worm. The ribbon worm closely misses you.
You hit the ribbon worm.
The ribbon worm is moderately wounded.
You hit the iguana. The ribbon worm barely misses you.
The iguana bites you but does no damage.
The ribbon worm bites you.
You barely miss the ribbon worm.
The ribbon worm is moderately wounded.
You hit the iguana. The iguana bites you.
The ribbon worm expels a string of sticky webbing.
The stream of webbing hits you but does no damage.
You are caught in a web!
The iguana bites you!
The web tears apart.
The iguana barely misses you.
You barely miss the ribbon worm.
The ribbon worm is moderately wounded.
You hit the iguana. The ribbon worm bites you. The iguana bites you.
* * * LOW HITPOINT WARNING * * *
The ribbon worm bites you.
You die...

.. #. . ##. ...
..#..#### ....
........###..?.
............. .
........... #..
#........(
#...##<.......
#....l@....#..
#.....w..###
###......#
##.....#
##....# ......
#.....~
#.....~.


You could see a ribbon worm and an iguana.

Vanquished Creatures
  A dart slug (D:1)
  A ball python (D:3)
  2 endoplasms
  A goblin (D:1)
  2 hobgoblins (D:1)
  A quokka (D:1)
  A bat (D:1)
  2 frilled lizards
11 creatures vanquished.

Notes
Turn   | Place    | Note
-------+----------+-------------------------------------------
     0 | D:1      | AstroCodex24 the Demigod Fighter began the quest for the
                  | Orb.
     0 | D:1      | Reached XP level 1. HP: 18/18 MP: 3/3
   114 | D:1      | Reached XP level 2. HP: 25/25 MP: 4/4
   221 | D:4      | Slain by a ribbon worm

Illustrated notes

Levels and vault maps discovered:
D:1:      wander_arrival_abandoned_jail, layout_basic, item_on_display_a
D:2:      layout_loops_corners
D:3:      layout_basic, chequers_serial_rivers_room_b, uniq_robin, uniq_sigmund,
          uniq_jessica, uniq_grinder
D:4:      layout_cave_pools, lemuel_doored_altar, serial_rivers,
          chequers_serial_rivers_small_3, chequers_serial_rivers_micro_a,
          chequers_serial_rivers_marsh, chequers_serial_rivers_large_a,
          chequers_serial_rivers_room_b, uniq_pikel

Skill      XL: |  1 |
---------------+----+-----
Axes           | 2 |  2.2
Fighting       | |  2.8
Armour         | |  2.8
Shields        | |  2.8

Action                     || total
---------------------------++-------
  Melee: War axe           ||    38
 Armour: Scale mail        ||    38
  Dodge: Dodged            ||    24
  Block: Buckler           ||    12

Table legend: (Time is in decaauts)
 A = Elapsed time spent in this place.
 B = Non-inter-level travel time spent in this place.
 C = Inter-level travel time spent in this place.
 D = Time resting spent in this place.
 E = Time spent auto-exploring this place.
 F = Levels seen in this place.
 G = Mean time per level.
                   A        B        C        D        E       F      G
               +--------+--------+--------+--------+--------+-----+--------+
         Total |    236 |    236 |      0 |      0 |      0 |   4 |   59.0 |
       Dungeon |    236 |    236 |      0 |      0 |      0 |   4 |   59.0 |
               +--------+--------+--------+--------+--------+-----+--------+

Top non-repeatable levels by time:
     D:1: 130 daAuts
     D:3: 55 daAuts
     D:2: 43 daAuts
     D:4: 6 daAuts
